[Event "Titled Tuesday Blitz April 11 Early 2023"]
[White "Necula, Iulian"]
[Black "Bacrot, Etienne"]
[WhiteFideId "1232380"]
[BlackFideId "605506"]
[WhiteElo "1790"]
[BlackElo "2663"]
[Result "0-1"]
[Round "05"]
[TimeControl "180+2"]
[Date "2023.04.11"]
[WhiteClock "0:02:16"]
[BlackClock "0:02:22"]

1. d4 Nf6 2. Nc3 d5 3. Bf4 a6 4. e3 b5 5. a3 Bb7 6. Nf3 e6 7. Bd3 Nbd7 8. Qe2 c5 9. dxc5 Nxc5 10. Ne5 Rc8 11. O-O Be7 12. h3 O-O 13. Qf3 d4 0-1


[Site "https://www.chess.com"]

[Event "Titled Tuesday Blitz April 11 Early 2023"]
[White "Gan-Od, Sereenen"]
[Black "Alice, Mateus Felizardo Viageiro"]
[WhiteFideId "4901304"]
[BlackFideId "14800047"]
[WhiteElo "2265"]
[BlackElo "2189"]
[Result "1-0"]
[Round "05"]
[TimeControl "180+2"]
[Date "2023.04.11"]
[WhiteClock "0:00:45"]
[BlackClock "0:00:03"]

1. b4 Nf6 2. Bb2 e6 3. a3 c5 4. bxc5 Bxc5 5. e3 Nc6 6. d4 Be7 7. Nf3 O-O 8. Bd3 d6 9. O-O Qb6 10. Qc1 Bd7 11. c4 Rfc8 12. Nbd2 Na5 13. Rb1 Qd8 14. Bc3 d5 15. c5 b6 16. Ba6 Rc7 17. Bxa5 bxa5 18. Qc3 a4 19. h3 Ne4 20. Qc2 f5 21. Nxe4 fxe4 22. Ne5 Be8 23. Bb5 Bf6 24. Bxe8 Qxe8 25. Ng4 Be7 26. Rb4 h5 27. Nh2 e5 28. Rfb1 exd4 29. exd4 Bg5 30. Nf1 e3 31. Re1 exf2+ 32. Qxf2 Qc6 33. Qf3 g6 34. Re5 Rf7 35. Qxd5 Qxd5 36. Rxd5 Raf8 37. Rxg5 Rxf1+ 38. Kh2 Kg7 39. Rxa4 Kh6 40. h4 R8f4 41. Kg3 Re4 42. Ra6 Rg4+ 43. Rxg4 hxg4 44. Kxg4 Rd1 45. Rd6 Rd3 46. h5 Rxa3 47. Rxg6+ Kh7 48. Rd6 a5 49. Kh4 a4 50. g4 Rd3 51. Kg5 a3 52. Rd7+ Kg8 53. Kg6 Kf8 54. Ra7 Rxd4 55. g5 Rd5 56. h6 Rxc5 57. h7 Rc6+ 58. Kh5 1-0


[Site "https://www.chess.com"]

[Event "Titled Tuesday Blitz April 11 Early 2023"]
[White "Balint, Vilmos"]
[Black "Karttunen, Mika"]
[WhiteFideId "718050"]
[BlackFideId "502081"]
[WhiteElo "2034"]
[BlackElo "2396"]
[Result "0-1"]
[Round "05"]
[TimeControl "180+2"]
[Date "2023.04.11"]
[WhiteClock "0:01:39"]
[BlackClock "0:01:20"]

1. e4 c5 2. Nf3 d6 3. d4 cxd4 4. Bb5+ Bd7 5. Bxd7+ Qxd7 6. Nxd4 Nc6 7. f3 g6 8. Nxc6 Qxc6 9. O-O Bg7 10. c3 Nf6 11. Be3 O-O 12. Nd2 e5 13. Qb3 d5 14. exd5 Nxd5 15. Bf2 Nf4 16. Rad1 Rfd8 17. Ne4 b6 18. Rxd8+ Rxd8 19. Rd1 Rxd1+ 20. Qxd1 Nd5 21. Qd3 h6 22. Qa6 Qd7 23. Qd3 Qe6 24. c4 Nf4 25. Qd8+ Kh7 26. b3 f5 27. Qd6 fxe4 0-1


[Site "https://www.chess.com"]

[Event "Titled Tuesday Blitz April 11 Early 2023"]
[White "Mogirzan, Matei-Valeriu"]
[Black "Perez Gormaz, Matias"]
[WhiteFideId "1257455"]
[BlackFideId "3406342"]
[WhiteElo "1733"]
[BlackElo "2362"]
[Result "1-0"]
[Round "05"]
[TimeControl "180+2"]
[Date "2023.04.11"]
[WhiteClock "0:00:06"]
[BlackClock "0:00:02"]

1. e4 c5 2. Nf3 e6 3. d4 cxd4 4. Nxd4 a6 5. Nc3 Qc7 6. a3 Nf6 7. f4 d6 8. Be3 Be7 9. Qf3 b5 10. g4 Bb7 11. g5 Nfd7 12. Qh3 g6 13. Bxb5 axb5 14. Ncxb5 Qd8 15. Nxe6 fxe6 16. Qxe6 Nf8 17. Qb3 Bxe4 18. O-O-O Bxh1 19. Rxh1 Qd7 20. Bd4 Ra5 21. a4 Qc6 22. Re1 Nbd7 23. Bxh8 Kd8 24. Bc3 Ra8 25. Nd4 Qxa4 26. Qf7 Kc7 27. Qxe7 Rd8 28. Ne6+ Nxe6 29. Qxe6 Qa1+ 30. Kd2 Qa6 31. Qe4 Qc6 32. Qxc6+ Kxc6 33. Re7 Nc5 34. Rxh7 Ne4+ 35. Kd3 Nf2+ 36. Ke3 Nd1+ 37. Kd2 Nf2 38. Bd4 Ne4+ 39. Kd3 Nc5+ 40. Bxc5 dxc5+ 41. Ke3 Rd4 42. Rg7 Rc4 43. Rxg6+ Kd5 44. c3 Re4+ 45. Kf3 Re1 46. Kg4 Rg1+ 47. Kh4 Ke4 48. Rf6 Rg2 49. h3 Rxb2 50. g6 Rg2 51. Kh5 c4 52. h4 Kd3 53. Kh6 Kxc3 54. g7 Kd3 55. Rc6 c3 56. Kh7 c2 57. g8=Q Rxg8 58. Kxg8 1-0


[Site "https://www.chess.com"]

[Event "Titled Tuesday Blitz April 11 Early 2023"]
[White "Safin, Robert"]
[Black "Mrudul Dehankar"]
[WhiteFideId "34189120"]
[BlackFideId "25096990"]
[WhiteElo "2245"]
[BlackElo "2139"]
[Result "1-0"]
[Round "05"]
[TimeControl "180+2"]
[Date "2023.04.11"]
[WhiteClock "0:00:05"]
[BlackClock "0:00:11"]

1. e4 c6 2. d4 d5 3. exd5 cxd5 4. Bd3 Nf6 5. h3 Nc6 6. c3 g6 7. Nf3 Qc7 8. O-O Bg7 9. Re1 O-O 10. Be3 Bf5 11. Bf1 Rfe8 12. Nbd2 Nd7 13. Qb3 Nb6 14. a4 Rad8 15. a5 Nc8 16. a6 b6 17. Bg5 Na5 18. Qa2 Kh8 19. Ne5 Be6 20. Bb5 Rf8 21. Bf4 Nd6 22. Ba4 Qc8 23. b4 Nac4 24. Ndxc4 dxc4 25. Nc6 Rd7 26. Nxe7 Qc7 27. Bxd7 Qxd7 28. d5 Qxe7 29. dxe6 fxe6 30. Bxd6 Qxd6 31. Qxc4 e5 32. Rad1 Qf6 33. Re2 Qf5 34. Qe4 Qc8 35. Qe3 Qxa6 36. Qd3 Qc8 37. b5 Bf6 38. Re4 Rd8 39. Qe2 Rxd1+ 40. Qxd1 Qxc3 41. Qf3 Kg7 42. Qxc3 Kf7 43. Qd3 Kg7 44. g3 Kf7 45. Kg2 Ke6 46. Rc4 1-0


[Site "https://www.chess.com"]

[Event "Titled Tuesday Blitz April 11 Early 2023"]
[White "Hoffmann, Asa"]
[Black "Borrmann, Laurenz"]
[WhiteFideId "2001470"]
[BlackFideId "312187930"]
[WhiteElo "2117"]
[BlackElo "2312"]
[Result "0-1"]
[Round "05"]
[TimeControl "180+2"]
[Date "2023.04.11"]
[WhiteClock "0:00:02"]
[BlackClock "0:00:05"]

1. d4 Nf6 2. Bg5 Ne4 3. Bf4 d5 4. f3 Nf6 5. e4 dxe4 6. Nc3 exf3 7. Nxf3 Bf5 8. Bc4 e6 9. O-O c6 10. Ne5 Bb4 11. Bg5 O-O 12. Ne2 Be7 13. c3 Nbd7 14. Ng3 Nxe5 15. dxe5 Nd5 16. Bxe7 Nxe7 17. Qd6 Bg6 18. Rad1 Nd5 19. Qc5 Qg5 20. Bxd5 Qxe5 21. Rfe1 Qg5 22. c4 Rfd8 23. Qb4 cxd5 24. cxd5 Rxd5 25. Qxb7 Rad8 26. Rxd5 Qxd5 27. Qxa7 Ra8 28. Qb6 Qxa2 29. h4 h6 30. h5 Bc2 31. Re2 Bb3 32. Kh2 Bd5 33. b4 Qa7 34. Qxa7 Rxa7 35. Rb2 Kf8 36. b5 Ke7 37. b6 Rb7 38. Ne2 Kd6 39. Nf4 Kc5 40. Nd3+ Kc6 41. Ne5+ Kd6 42. Nd3 Bc4 43. Nf2 Kc6 44. Rc2 Kd5 45. Ng4 Bd3 46. Rd2 Ke4 47. Nf2+ Ke3 48. Rxd3+ Kxf2 49. Rb3 e5 50. g4 e4 51. Kh3 e3 52. g5 e2 53. Rb1 e1=Q 0-1


[Site "https://www.chess.com"]

[Event "Titled Tuesday Blitz April 11 Early 2023"]
[White "Krishnan, Varun"]
[Black "Matveeva, Olga"]
[WhiteFideId "5054508"]
[BlackFideId "24107018"]
[WhiteElo "2511"]
[BlackElo "2056"]
[Result "1-0"]
[Round "05"]
[TimeControl "180+2"]
[Date "2023.04.11"]
[WhiteClock "0:00:06"]
[BlackClock "0:00:07"]

1. d4 Nf6 2. c4 c5 3. d5 b5 4. cxb5 a6 5. bxa6 g6 6. Nc3 Bg7 7. e4 d6 8. g3 Bxa6 9. Nf3 O-O 10. Bxa6 Nxa6 11. Kf1 Qa5 12. Kg2 Rfb8 13. Re1 Nd7 14. a4 c4 15. Qe2 Qb4 16. Nb5 Nac5 17. Nbd4 Nd3 18. Rd1 Nxc1 19. Rdxc1 Qxb2 20. Qxb2 Rxb2 21. Rxc4 Nc5 22. a5 Nxe4 23. a6 Nxf2 24. Kf1 Ng4 25. Rc7 Ne3+ 26. Kg1 Nxd5 27. Rd7 Rb4 28. Rd1 Rxa6 29. Nc2 Rb5 30. Nfd4 Rba5 31. Rd8+ Bf8 32. Nb3 Rb5 33. Ncd4 Rb4 34. Rc1 Kg7 35. Rcc8 Ra3 36. Rxf8 Raxb3 37. Nxb3 Rxb3 38. Rg8+ Kf6 39. Rh8 Ne3 40. Rxh7 Ng4 41. Rd8 Ne5 42. Ra8 Rb2 43. Ra3 d5 44. Ra6+ e6 45. Ra4 Nf3+ 46. Kf1 d4 47. Rh8 d3 48. Rd8 d2 49. Ke2 Ne5 50. Rxd2 Rxd2+ 51. Kxd2 Nf3+ 52. Ke2 Nxh2 53. Rh4 g5 54. Rxh2 Kf5 55. Rf2+ Kg4 56. Rxf7 Kxg3 57. Re7 g4 58. Rxe6 Kg2 59. Rg6 g3 60. Ke3 Kh2 61. Kf3 1-0


[Site "https://www.chess.com"]

[Event "Titled Tuesday Blitz April 11 Early 2023"]
[White "Dobre, Claudiu-Cristian"]
[Black "Bogaudinov, Rushan"]
[WhiteFideId "1211854"]
[BlackFideId "4129288"]
[WhiteElo "2207"]
[BlackElo "1967"]
[Result "1-0"]
[Round "05"]
[TimeControl "180+2"]
[Date "2023.04.11"]
[WhiteClock "0:00:17"]
[BlackClock "0:00:10"]

1. e4 c5 2. b3 e6 3. Nf3 d5 4. exd5 exd5 5. Bb5+ Bd7 6. Bxd7+ Nxd7 7. d4 Ngf6 8. O-O Be7 9. Nc3 cxd4 10. Nxd4 O-O 11. Bb2 Bc5 12. Nf5 Nb6 13. Nxg7 Kxg7 14. Nxd5 Nxd5 15. c4 Ne3 16. Qh5 Bd4 17. Qg5+ Kh8 18. Bxd4 Qxd4 19. fxe3 Qc3 20. Qxf6+ Qxf6 21. Rxf6 Rad8 22. Raf1 Kg7 23. R6f5 Rd2 24. R5f2 Rd3 25. Re2 Re8 26. Rf3 Re4 27. Kf2 Kg6 28. Rf4 f5 29. g4 Rxf4+ 30. exf4 fxg4 31. Re7 Rf3+ 32. Kg2 Rxf4 33. Rxb7 a5 34. Rb6+ Kg5 35. Rb5+ Kh4 36. Rxa5 Rd4 37. Rf5 Rd2+ 38. Rf2 Rd3 39. Rc2 Kg5 40. c5 h5 41. c6 h4 42. c7 h3+ 43. Kf2 Rf3+ 44. Ke2 Kf4 45. c8=Q Re3+ 46. Kd2 Re5 47. Qf8+ Ke4 48. Rc4+ Kd5 49. Qc5+ Ke6 50. Qxe5+ Kxe5 51. Rxg4 1-0


[Site "https://www.chess.com"]

[Event "Titled Tuesday Blitz April 11 Early 2023"]
[White "Rodriguez Santiago, Jaime"]
[Black "Sreyas Payyappat"]
[WhiteFideId "3100898"]
[BlackFideId "46674969"]
[WhiteElo "2025"]
[BlackElo "2083"]
[Result "0-1"]
[Round "05"]
[TimeControl "180+2"]
[Date "2023.04.11"]
[WhiteClock "0:00:32"]
[BlackClock "0:01:27"]

1. c4 c5 2. Nc3 Nc6 3. g3 Nf6 4. Bg2 g6 5. e4 Bg7 6. Nge2 d6 7. d3 O-O 8. O-O Nd4 9. Rb1 Ng4 10. h3 Ne5 11. f4 Nec6 12. Be3 f5 13. a3 e5 14. b4 fxe4 15. Nxe4 exf4 16. Nxf4 Nf5 17. Bf2 Bd4 18. bxc5 dxc5 19. g4 Ne3 20. Qc1 Nxf1 21. Bxd4 Qxd4+ 22. Kxf1 Qe5 0-1


[Site "https://www.chess.com"]

[Event "Titled Tuesday Blitz April 11 Early 2023"]
[White "Fuzesabonyilaci"]
[Black "Turzo, Attila"]
[BlackFideId "704954"]
[WhiteElo "2323"]
[BlackElo "2491"]
[Result "1/2-1/2"]
[Round "05"]
[TimeControl "180+2"]
[Date "2023.04.11"]
[WhiteClock "0:00:14"]
[BlackClock "0:00:04"]

1. Nf3 c5 2. g3 g6 3. Bg2 Bg7 4. O-O Nc6 5. c4 e5 6. Nc3 Nge7 7. a3 O-O 8. b4 d6 9. Rb1 Rb8 10. d3 b6 11. bxc5 dxc5 12. Bg5 f6 13. Bd2 Be6 14. Ne1 Qd7 15. Nc2 f5 16. Qc1 Nd4 17. Nxd4 cxd4 18. Nd1 Rfc8 19. Qb2 a6 20. Bb4 b5 21. Bxe7 Qxe7 22. cxb5 Rxb5 23. Qa1 Rxb1 24. Qxb1 Qxa3 25. Qb6 Bf7 26. Nb2 Qb3 27. Qxa6 Rc2 28. Nc4 Rxe2 29. Qc8+ Bf8 30. Ra1 Ra2 31. Rxa2 Qxa2 32. Nxe5 Qe6 33. Nd7 Qe1+ 34. Bf1 Qe7 35. f4 Kg7 36. Ne5 Be6 37. Qc6 Qd6 38. Qb7+ Qe7 39. Qxe7+ Bxe7 40. Nc6 Bc5 41. Bg2 Kf6 42. Kf2 h6 43. h4 g5 44. hxg5+ hxg5 45. Ne5 gxf4 46. gxf4 Bb3 47. Bf3 Ke6 48. Be2 Bb4 49. Nf3 Bc3 50. Kg3 Bc2 51. Kh4 Kf6 52. Ne5 Bd2 53. Kg3 Be3 54. Nc4 Bg1 55. Ne5 Be3 56. Nc4 Bc1 57. Ne5 Bb3 58. Nf3 Be3 59. Ne5 Bd5 60. Bf3 Bxf3 61. Kxf3 Ke6 62. Nc4 Bc1 63. Ne5 Bb2 64. Nc4 Bc3 65. Nb6 Bb2 66. Nc4 Bc3 67. Kg3 Kf6 68. Kf3 Ba1 1/2-1/2


[Site "https://www.chess.com"]

[Event "Titled Tuesday Blitz April 11 Early 2023"]
[White "Shubenkova, Veronika"]
[Black "Ward, Ieuan C"]
[WhiteFideId "44124040"]
[BlackFideId "406627"]
[WhiteElo "2027"]
[BlackElo "2321"]
[Result "1-0"]
[Round "05"]
[TimeControl "180+2"]
[Date "2023.04.11"]
[WhiteClock "0:02:50"]
[BlackClock "0:02:04"]

1. e4 e5 2. Nf3 Nc6 3. Bb5 a6 4. Bxc6 dxc6 5. O-O Bd6 6. d4 f6 7. dxe5 fxe5 8. Nxe5 Nf6 9. Nf3 Bg4 10. e5 Bxf3 11. Qxf3 Bxe5 12. Re1 Qe7 13. Bf4 Nd7 14. Bxe5 Nxe5 15. Qh5+ 1-0


[Site "https://www.chess.com"]

[Event "Titled Tuesday Blitz April 11 Early 2023"]
[White "Havas, Ladislav"]
[Black "Mouhamad, Joachim"]
[WhiteFideId "14501090"]
[BlackFideId "656410"]
[WhiteElo "2202"]
[BlackElo "2125"]
[Result "0-1"]
[Round "05"]
[TimeControl "180+2"]
[Date "2023.04.11"]
[WhiteClock "0:00:20"]
[BlackClock "0:00:06"]

1. d4 d5 2. Bf4 Nf6 3. e3 e6 4. Nf3 c5 5. c3 Bd6 6. Bg3 O-O 7. Nbd2 Qc7 8. Ne5 Nc6 9. f4 Ne7 10. Bd3 Nf5 11. Bf2 Be7 12. Qf3 Nd6 13. O-O b6 14. Qh3 Nfe4 15. Be1 f6 16. Nef3 e5 17. Qh5 g6 18. Qh6 Nf5 19. Qh3 Nxe3 20. Qh6 Nf5 21. Qh3 Nxd4 22. Qh6 Nf5 23. Qh3 Ne3 24. Qh6 Nxf1 25. Nxe4 dxe4 26. Bxe4 Bb7 27. Bxg6 Bd6 28. Bf5 Ne3 29. Be6+ Kh8 30. Bh4 Qg7 31. Qxg7+ Kxg7 32. Re1 exf4 33. Bf2 Bxf3 34. gxf3 Rae8 35. Bd7 Re5 36. Kh1 Rd8 37. Bc6 Bc7 38. h4 Rd2 39. Rg1+ Kf7 40. Be1 Re2 41. Bb5 Rxb2 42. a4 Rf5 43. Bd3 Rh5 44. Be4 Re2 45. Bd3 Ra2 46. Be4 Rxa4 47. Bc6 Ra2 48. Be4 Re2 49. Bd3 Ra2 50. Be4 a5 51. Bc6 a4 52. Be4 a3 53. Bb1 Rb2 54. Be4 a2 55. c4 a1=Q 56. Bc3 Rxh4# 0-1


[Site "https://www.chess.com"]

[Event "Titled Tuesday Blitz April 11 Early 2023"]
[White "Dudzinski, Pawel"]
[Black "micke12a"]
[WhiteFideId "1117890"]
[WhiteElo "2099"]
[BlackElo "2319"]
[Result "1-0"]
[Round "05"]
[TimeControl "180+2"]
[Date "2023.04.11"]
[WhiteClock "0:00:12"]
[BlackClock "0:00:19"]

1. e4 c5 2. Nc3 a6 3. a4 g6 4. g3 Bg7 5. Bg2 e6 6. Nge2 Ne7 7. d4 cxd4 8. Nxd4 Nbc6 9. Be3 O-O 10. O-O d5 11. exd5 exd5 12. Re1 Re8 13. h3 h6 14. Qd2 Kh7 15. Rad1 Be6 16. Nce2 Nxd4 17. Bxd4 Qd7 18. Bxg7 Kxg7 19. Nd4 Nc6 20. Kh2 Rac8 21. Nxe6+ fxe6 22. f4 Ne7 23. b3 Nf5 24. h4 h5 25. Bh3 Nd6 26. Re5 Qf7 27. c4 Ne4 28. Qd4 Qf6 29. Bg2 Nc5 30. cxd5 Nxb3 31. Qb6 Nc5 32. dxe6 Rxe6 33. Rxe6 Qxe6 34. Qxe6 Nxe6 35. Bxb7 Rc2+ 36. Kh3 Nc5 37. Bc6 Rc4 38. Rd6 Nxa4 39. Be8 a5 40. Rxg6+ Kf8 41. Bxa4 Rxa4 42. Rg5 Ra1 43. Rxh5 a4 44. Ra5 a3 45. h5 a2 46. Kg4 Kg7 47. Ra6 Kf7 48. h6 Rh1 49. Rxa2 Rxh6 50. Ra7+ Kg8 51. Kg5 Rb6 52. f5 Rb3 53. g4 Rb7 54. Rxb7 1-0


[Site "https://www.chess.com"]

[Event "Titled Tuesday Blitz April 11 Early 2023"]
[White "Smith, Garrett L"]
[Black "Omariev, Maksim"]
[WhiteFideId "2024829"]
[BlackFideId "4193423"]
[WhiteElo "2318"]
[BlackElo "2452"]
[Result "1-0"]
[Round "05"]
[TimeControl "180+2"]
[Date "2023.04.11"]
[WhiteClock "0:00:10"]
[BlackClock "0:00:01"]

1. e4 h5 2. d4 h4 3. Nf3 d6 4. Bd3 h3 5. g3 Nc6 6. c3 e5 7. d5 Nce7 8. c4 Bg4 9. Nc3 Qd7 10. Be3 g6 11. Be2 Bh6 12. Qd2 f5 13. Ng1 Bxe3 14. Qxe3 fxe4 15. Nxe4 b6 16. Qg5 Bf5 17. Qe3 O-O-O 18. Nf3 Rf8 19. Nfg5 Nf6 20. Nxf6 Rxf6 21. Rg1 Qa4 22. g4 Qb4+ 23. Qc3 Qxc3+ 24. bxc3 Bd7 25. Rg3 Rf4 26. Nxh3 Rf6 27. Kf1 Rh4 28. Kg2 Rf8 29. Ng5 Rf4 30. f3 Ng8 31. Rh3 Rxh3 32. Kxh3 Nh6 33. Kg3 Rf8 34. h4 Nf7 35. Nh7 Rh8 36. Nf6 Ba4 37. Bd3 g5 38. h5 Kd8 39. Bg6 Ke7 40. Ne4 Rg8 41. Rh1 Bc2 42. Bf5 Bxe4 43. fxe4 Nh6 44. Kf3 Rf8 45. Ke3 a5 46. Rb1 Rb8 47. Rf1 Rf8 48. Rf3 Rf6 49. Rf2 Rf8 50. Rb2 Rf6 51. Rb5 Rf8 52. Ke2 Rf6 53. Ke3 Rf8 54. Rb1 Rf6 55. Rf1 Nxg4+ 56. Kd3 Nh6 57. Rg1 Nxf5 58. exf5 Rxf5 59. h6 Kf6 60. Rh1 Kg6 61. h7 1-0


[Site "https://www.chess.com"]

[Event "Titled Tuesday Blitz April 11 Early 2023"]
[White "Ovezdurdyyeva, Jemal"]
[Black "Jimenez Jimenez, Leandro"]
[WhiteFideId "14001888"]
[BlackFideId "6415253"]
[WhiteElo "2043"]
[BlackElo "2263"]
[Result "0-1"]
[Round "05"]
[TimeControl "180+2"]
[Date "2023.04.11"]
[WhiteClock "0:00:45"]
[BlackClock "0:01:11"]

1. e4 e5 2. Nf3 Nc6 3. Bc4 Bc5 4. O-O Nf6 5. c3 Nxe4 6. d4 exd4 7. cxd4 d5 8. dxc5 dxc4 9. Qe2 Qd3 10. Re1 f5 11. Nc3 O-O 12. Nxe4 fxe4 13. Qxe4 Bf5 14. Qh4 Rae8 15. Be3 Qc2 16. Ng5 h6 17. Nf3 Re4 18. Qg3 Qxb2 19. Qxc7 Re7 20. Qf4 Be4 21. Qg3 Bxf3 22. gxf3 Ne5 23. Bf4 Nd3 24. Rxe7 Qxa1+ 25. Kg2 Nxf4+ 0-1


[Site "https://www.chess.com"]

[Event "Titled Tuesday Blitz April 11 Early 2023"]
[White "Rian, Kapriaga"]
[Black "Chandreyee, Hajra"]
[WhiteFideId "7103263"]
[BlackFideId "5056535"]
[WhiteElo "2314"]
[BlackElo "1725"]
[Result "0-1"]
[Round "05"]
[TimeControl "180+2"]
[Date "2023.04.11"]
[WhiteClock "0:00:01"]
[BlackClock "0:00:20"]

1. d4 e6 2. Nf3 f5 3. Nc3 Nf6 4. Bg5 Be7 5. Bxf6 Bxf6 6. e4 fxe4 7. Nxe4 d5 8. Nxf6+ Qxf6 9. Bd3 O-O 10. Qe2 Nc6 11. c3 Bd7 12. O-O Be8 13. Ne5 Nxe5 14. dxe5 Qh6 15. g3 Bh5 16. f3 c5 17. Rae1 c4 18. Bb1 b5 19. a3 Rf7 20. Qe3 Qxe3+ 21. Rxe3 a5 22. f4 Rb8 23. f5 Bg4 24. fxe6 Bxe6 25. Rxf7 Kxf7 26. h4 b4 27. axb4 axb4 28. Bxh7 b3 29. Rf3+ Ke7 30. Bg6 Ra8 31. Rf2 Ra1+ 32. Kg2 Re1 33. g4 Bxg4 34. Rf7+ Ke6 35. Rxg7 Bf5 36. Bxf5+ Kxf5 37. h5 Rxe5 38. h6 Kf6 39. Rg4 Rh5 40. Kf3 Rxh6 41. Ke3 Rh2 42. Kd4 Rxb2 43. Kxd5 Rc2 44. Kxc4 b2 0-1


[Site "https://www.chess.com"]

[Event "Titled Tuesday Blitz April 11 Early 2023"]
[White "Eggleston, Thomas A"]
[Black "Zacurdajev, Dmitry"]
[WhiteFideId "412139"]
[BlackFideId "4196309"]
[WhiteElo "2155"]
[BlackElo "2189"]
[Result "0-1"]
[Round "05"]
[TimeControl "180+2"]
[Date "2023.04.11"]
[WhiteClock "0:00:01"]
[BlackClock "0:00:02"]

1. e4 c6 2. Nc3 d5 3. Nf3 Bg4 4. Be2 e6 5. Ne5 Bxe2 6. Qxe2 Nd7 7. Nf3 dxe4 8. Nxe4 Ngf6 9. d4 Nxe4 10. Qxe4 Nf6 11. Qh4 Nd5 12. Bg5 Be7 13. Qg4 Qa5+ 14. Bd2 Qb6 15. Qxg7 Bf6 16. Qh6 Qxb2 17. O-O Qxc2 18. Rab1 O-O-O 19. Ne5 Bxe5 20. dxe5 Qg6 21. Qh3 Rhg8 22. Kh1 Qg4 23. Qxg4 Rxg4 24. Rb3 Ra4 25. a3 Nb6 26. Bb4 Rd5 27. f4 Nc4 28. Rh3 a5 29. Be7 Nd2 30. Rd1 Rxf4 31. Rxh7 Ne4 32. Rb1 b5 33. h4 Kd7 34. Bf8 Rxe5 35. Bg7 Rd5 36. Kh2 Rd2 37. Be5 Rff2 38. Kh3 Ke7 39. Rg7 Nf6 40. h5 Nxh5 41. Kh4 Nxg7 42. Bxg7 Rxg2 0-1


[Site "https://www.chess.com"]

[Event "Titled Tuesday Blitz April 11 Early 2023"]
[White "Dishman, Stephen"]
[Black "mohsengabr2002"]
[WhiteFideId "403024"]
[WhiteElo "2204"]
[BlackElo "2428"]
[Result "0-1"]
[Round "05"]
[TimeControl "180+2"]
[Date "2023.04.11"]
[WhiteClock "0:00:11"]
[BlackClock "0:01:51"]

1. d4 d5 2. c4 c6 3. Nf3 e6 4. Qc2 f5 5. Bf4 Nf6 6. e3 Bd6 7. Nc3 Bxf4 8. exf4 O-O 9. Bd3 Qd6 10. g3 Ne4 11. O-O Bd7 12. c5 Qe7 13. b4 Be8 14. Ne5 Nd7 15. Nxd7 Qxd7 16. Ne2 Bh5 17. f3 Nf6 18. Nc3 h6 19. Rae1 g5 20. fxg5 hxg5 21. Qd2 Nh7 22. h3 Qg7 23. Qe3 Bf7 24. g4 Rae8 25. Qe5 Nf6 26. gxf5 exf5 27. Qxf5 Nh5 28. Re5 Rxe5 29. Qxe5 Qh6 30. Ne2 Re8 31. Qf5 Re3 32. Kg2 Be6 33. Qg6+ Qxg6 34. Bxg6 Rxe2+ 35. Rf2 Nf4+ 36. Kg3 Rxf2 37. Kxf2 Nxg6 0-1


[Site "https://www.chess.com"]

[Event "Titled Tuesday Blitz April 11 Early 2023"]
[White "crosky"]
[Black "Estrada Nieto, Julian"]
[BlackFideId "5101018"]
[WhiteElo "2307"]
[BlackElo "2161"]
[Result "0-1"]
[Round "05"]
[TimeControl "180+2"]
[Date "2023.04.11"]
[WhiteClock "0:00:27"]
[BlackClock "0:01:43"]

1. c4 e5 2. g3 Nf6 3. Bg2 d5 4. cxd5 Nxd5 5. Nc3 Nb6 6. Nf3 Nc6 7. O-O Be7 8. Rb1 a5 9. d3 O-O 10. Be3 Be6 11. Rc1 Nd5 12. Qd2 f5 13. Nxd5 Bxd5 14. a3 Bf6 15. Bc5 Re8 16. Rfd1 Bb3 17. Re1 a4 18. e4 f4 19. gxf4 exf4 20. d4 b6 21. Bxb6 cxb6 22. Rxc6 Rc8 23. Rxc8 Qxc8 24. Qxf4 Qc2 25. e5 Be7 26. Ng5 Rf8 27. Be4 Rxf4 28. Bxh7+ Qxh7 0-1


[Site "https://www.chess.com"]

[Event "Titled Tuesday Blitz April 11 Early 2023"]
[White "Kula, Robert"]
[Black "Liu, Casper"]
[WhiteFideId "1101218"]
[BlackFideId "1454153"]
[WhiteElo "2180"]
[BlackElo "2221"]
[Result "0-1"]
[Round "05"]
[TimeControl "180+2"]
[Date "2023.04.11"]
[WhiteClock "0:00:31"]
[BlackClock "0:00:17"]

1. e4 c5 2. Nf3 Nf6 3. e5 Nd5 4. d4 cxd4 5. Nxd4 Nc6 6. Nxc6 dxc6 7. c4 Nb4 8. Qxd8+ Kxd8 9. Na3 Bf5 10. Bd2 e6 11. Bc3 Kc7 12. Be2 Bd3 13. Bxd3 Nxd3+ 14. Ke2 Nc5 15. Nc2 Rd8 16. Rhd1 Ne4 17. Be1 Be7 18. f3 Nc5 19. b3 Bg5 20. Bf2 Nd7 21. g3 h5 22. f4 Be7 23. Rd3 h4 24. g4 g5 25. Be3 f6 26. exf6 Nxf6 27. Rxd8 Rxd8 28. h3 Ne4 29. Kf3 Nd2+ 30. Ke2 Ne4 31. Kf3 Nd2+ 32. Bxd2 Rxd2 33. Ne3 Rh2 34. fxg5 Rxh3+ 35. Ke4 Bxg5 36. Nc2 c5 37. Rf1 Rh2 38. Na3 h3 39. Nb5+ Kb6 40. Kf3 Rxa2 41. Kg3 h2 42. Rh1 Kc6 43. Nc3 Rc2 44. Ne4 Bd8 45. g5 Kd7 46. Nxc5+ Ke8 47. Nxe6 Be7 48. g6 Bd6+ 49. Kg4 Ke7 50. Nd4 Rg2+ 51. Kf3 Rg1 52. Nf5+ Kf6 53. Nxd6 Rxh1 54. Ne4+ Kxg6 55. Ng3 Ra1 56. Kg2 Kg5 57. Kxh2 Kf4 58. Nh5+ Ke4 59. Nf6+ Kd3 60. Nd5 Kc2 61. b4 Kd3 62. c5 Kc4 63. Nc7 Kxb4 64. Ne6 Kb5 65. Kg3 a5 66. Kf4 a4 67. Kf5 Rd1 68. Kf6 a3 69. Ke7 a2 70. Kf6 a1=Q+ 71. Kf7 Qa2 72. Kf6 Qxe6+ 73. Kxe6 Kxc5 74. Ke5 b5 75. Ke4 b4 76. Ke3 b3 77. Ke2 b2 78. Kxd1 b1=Q+ 79. Kd2 Qb2+ 80. Ke3 Kd5 81. Kf4 Qe2 82. Kf5 Qf2+ 83. Kg4 Ke5 84. Kh3 Qg1 85. Kh4 Kf5 86. Kh3 Kf4 87. Kh4 Qh1# 0-1


[Site "https://www.chess.com"]

[Event "Titled Tuesday Blitz April 11 Early 2023"]
[White "Sargissyan, Sargis"]
[Black "Prudnykova, Olga"]
[WhiteFideId "13303210"]
[BlackFideId "14121093"]
[WhiteElo "2109"]
[BlackElo "2113"]
[Result "0-1"]
[Round "05"]
[TimeControl "180+2"]
[Date "2023.04.11"]
[WhiteClock "0:00:06"]
[BlackClock "0:02:10"]

1. e4 c5 2. Nf3 Nf6 3. e5 Nd5 4. Nc3 e6 5. Nxd5 exd5 6. d4 Nc6 7. dxc5 Bxc5 8. Qxd5 Qb6 9. Bc4 Bxf2+ 10. Ke2 O-O 11. Rf1 Bc5 12. Ng5 Nxe5 13. Qxe5 d5 14. Bd3 Bg4+ 15. Kd2 Rae8 16. Bxh7+ Kh8 17. Rxf7 Rxe5 18. Rxf8+ Bxf8 19. Nf7+ Kxh7 20. Nxe5 Bb4+ 21. c3 Qf2+ 22. Kd3 0-1


[Site "https://www.chess.com"]

[Event "Titled Tuesday Blitz April 11 Early 2023"]
[White "Kohler, Aran"]
[Black "Leebit02"]
[WhiteFideId "1002856"]
[WhiteElo "2297"]
[BlackElo "2419"]
[Result "0-1"]
[Round "05"]
[TimeControl "180+2"]
[Date "2023.04.11"]
[WhiteClock "0:00:43"]
[BlackClock "0:01:12"]

1. e4 c5 2. Nc3 Nc6 3. f4 g6 4. Nf3 Bg7 5. a3 d6 6. Bc4 Nf6 7. d3 O-O 8. O-O e6 9. Ba2 a6 10. Qe1 d5 11. f5 exf5 12. Nxd5 Nxd5 13. Bxd5 fxe4 14. dxe4 Be6 15. Bxe6 fxe6 16. c3 Qd3 17. Be3 b6 18. Bf2 Rad8 19. Rd1 Qc2 20. Rxd8 Rxd8 21. b4 Bxc3 22. Qc1 Qxc1 23. Rxc1 Bb2 24. Rb1 Bxa3 25. bxc5 b5 26. Ng5 Nd4 27. Bxd4 Rxd4 28. Rc1 Bxc1 0-1


[Site "https://www.chess.com"]

[Event "Titled Tuesday Blitz April 11 Early 2023"]
[White "Szyszylo, Rafal"]
[Black "Orujov2008"]
[WhiteFideId "1109626"]
[WhiteElo "1951"]
[BlackElo "2296"]
[Result "0-1"]
[Round "05"]
[TimeControl "180+2"]
[Date "2023.04.11"]
[WhiteClock "0:00:01"]
[BlackClock "0:00:02"]

1. e4 e5 2. Nf3 Nf6 3. Nxe5 Nxe4 4. Qe2 Qe7 5. d3 d6 6. Nf3 Nf6 7. Be3 Nc6 8. Nc3 Be6 9. O-O-O O-O-O 10. d4 Nd5 11. Nxd5 Bxd5 12. c4 Be4 13. Qd2 d5 14. c5 Qd7 15. Bb5 Bxf3 16. gxf3 Be7 17. Qc2 Bf6 18. Qa4 a6 19. Bxa6 Na7 20. Qxd7+ Rxd7 21. Bd3 Kb8 22. b4 Nc6 23. a3 Bxd4 24. Bf5 Bxe3+ 25. fxe3 Rdd8 26. Rd3 Ne7 27. Bh3 c6 28. Rhd1 Kc7 29. Rg1 g6 30. Kb2 Rhe8 31. Kc3 Ng8 32. Kd4 Re7 33. Rb3 Rde8 34. a4 Nf6 35. Re1 Nh5 36. b5 Nf4 37. Bf1 Ne6+ 38. Kc3 d4+ 39. exd4 Nf4 40. Rxe7+ Rxe7 41. b6+ Kc8 42. Kd2 Nd5 43. Bc4 f5 44. Bxd5 cxd5 45. Re3 Rf7 46. Re8+ Kd7 47. Rb8 Kc6 48. Rc8+ Kd7 49. Rb8 Ke6 0-1


[Site "https://www.chess.com"]